 Dungeon Crawl Stone Soup version bcrawl-1.12.2 (webtiles) character file.

Game seed: 18396119492058124397

27 RedPan the Ruffian (level 2, -1/23 HPs)
             Began as a Draconian Transmuter on July 24, 2019.
             Slain by Terence
             ... wielding a +0 short sword
              (3 damage)
             ... on level 2 of the Dungeon.
             The game lasted 00:02:52 (762 turns).

RedPan the Ruffian (Draconian Transmuter)            Turns: 762, Time: 00:02:53

Health: -1/23      AC:  4    Str: 12    XL:     2   Next: 93%
Magic:  1/5        EV: 12    Int: 13    God:
Gold:   97         SH:  0    Dex: 11    Spells: 2/5 levels left

rFire    . . .     SeeInvis .     - Unarmed
rCold    . . .     Gourm    .   (no shield)
rNeg     . . .     Faith    .   (armour unavailable)
rPois    .         Spirit   .   i - +0 hat
rElec    .         Reflect  .   (no cloak)
rCorr    .         Harm     .   (no gloves)
MR       .....                  (boots currently unavailable)
Stlth    +.........             (no amulet)
HPRegen  0.07/turn              (no ring)
MPRegen  0.09/turn              (no ring)

@: appendage (expiring)
A: unfitting armour, talons 3, cold-blooded, AC +4
a: End Transformation


You were on level 2 of the Dungeon.
You were not hungry.
You had grown temporary talons.
You visited 1 branch of the dungeon, and saw 2 of its levels.

You collected 97 gold pieces.

Inventory:

Missiles
 a - 303 arrows
Armour
 i - a +0 hat (worn)
Scrolls
 e - a scroll of fog {unknown}
 g - a scroll of remove curse
Potions
 c - a potion of lignification
 f - a potion of flight {unknown}
 h - a potion of degeneration {unknown}
 j - 2 potions of might {unknown}
 k - 2 potions of haste {unknown}
Comestibles
 b - 4 chunks of flesh
 d - 3 rations {!d}


   Skills:
 - Level 1.1 Fighting
 - Level 1.7 Dodging
 + Level 3.4 Unarmed Combat
 - Level 2.0 Spellcasting
 * Level 3.1 Transmutations


You had 2 spell levels left.
You knew the following spells:

 Your Spells              Type           Power        Failure   Level  Hunger
a - Beastly Appendage     Tmut           #.....       7%          1    ##.....
b - Sticks to Snakes      Tmut           #.......     11%         2    ###....

Your spell library contained the following spells:

 Spells                   Type           Power        Failure   Level  Hunger
 Spider Form              Tmut/Pois      #..          38%         3    ####...
 Ice Form                 Ice/Tmut       #.......     80%         4    #####..
 Blade Hands              Tmut           #.........   89%         5    ######.


Dungeon Overview and Level Annotations

Branches:
Dungeon (2/12)

Altars:

Annotations:
D:2 Terence


Innate Abilities, Weirdness & Mutations

Your plain brown scales are hard. (AC +4)
You cannot fit into any form of body armour.
You are cold-blooded and may be slowed by cold attacks.
You have claws for feet.


Message History

Terence hits you with a +0 short sword.
* * * LOW HITPOINT WARNING * * *
Your adder barely misses Terence.
Terence hits something with a +0 short sword.
Your transformation is almost over.
The goblin barely misses you.
You hit the goblin.
You kill the goblin!
Your adder bites Terence but does no damage.
Terence misses you.
You closely miss Terence. Your kick misses Terence.
Terence is heavily wounded.
Your adder bites Terence.
Terence is poisoned.
Your adder poisons Terence!
Terence hits your adder but does no damage.
You hit Terence.
You tail-slap Terence, but do no damage.
Terence is severely wounded.
Your adder bites Terence but does no damage.
Terence hits you with a +0 short sword.
You die...

#...##.#..## .# .... #.#
#.....### #.###... # #.#
##..#..#.###.......#.#
#.###......#.#...# .%.....
##.##..##.........# ...."..
##...#.####.....## .......
#......# #....## ###.......
.......#####...####.........
.......##.......@@S.#.......
..................###.......
#...........................
........#..÷......###.......
.÷.....##.........# .......
.......##.........# #######
.......############ ......##
##...##


You could see Terence and a friendly adder.

Vanquished Creatures
  A dart slug (D:1)
  A leopard gecko (D:2)
  3 giant cockroaches (D:1)
  2 goblins
  3 hobgoblins (D:1)
  2 kobolds (D:1)
  A ball python (D:1)
  3 bats (D:1)
  4 frilled lizards
  4 rats (D:1)
24 creatures vanquished.

Notes
Turn   | Place    | Note
-------+----------+-------------------------------------------
     0 | D:1      | RedPan the Draconian Transmuter began the quest for the
                  | Orb.
     0 | D:1      | Reached XP level 1. HP: 16/16 MP: 3/3
    32 | D:1      | Reached XP level 2. HP: 18/23 MP: 3/5
   620 | D:1      | Learned a level 2 spell: Sticks to Snakes
   708 | D:2      | Noticed Terence
   762 | D:2      | Slain by Terence

Skill      XL: |  1  2 |
---------------+-------+-----
Transmutations | 3 |  3.1
Fighting       | |  1.1
Dodging        | |  1.7
Unarmed Combat | |  3.4
Spellcasting   | |  2.0

Action                   || total
-------------------------++-------
Melee: Unarmed           ||    92
       Tailslap          ||     9
       Kick              ||     2
       Punch             ||     1
 Cast: Beastly Appendage ||     3
       Sticks to Snakes  ||     2
  Use: Scroll            ||     2
 Stab: Sleeping          ||     2
Armor: Skin              ||    25
Dodge: Dodged            ||    58
